 Dungeon Crawl Stone Soup version 0.21.1-1-g345015f (webtiles) character file.

196 prawnwizard the Magician (level 5, 0/37 HPs)
             Began as a Gnoll Wizard on July 6, 2018.
             Was a Follower of Ashenzari.
             Slain by an orc wizard
             ... wielding a +0 dagger
              (3 damage)
             ... on level 3 of the Dungeon.
             The game lasted 00:06:41 (3422 turns).

prawnwizard the Magician (Gnoll Wizard)             Turns: 3422, Time: 00:06:42

Health: 0/37       AC:  2    Str: 10    XL:     5   Next: 75%
Magic:  7/14       EV: 14    Int: 21    God:    Ashenzari [*.....]
Gold:   181        SH:  0    Dex: 13    Spells: 13/18 levels left

rFire    . . .     SeeInvis .   a - +2 dagger (pain)
rCold    . . .     Gourm    .   (no shield)
rNeg     . . .     Faith    .   o - +0 robe (curse)
rPois    .         Spirit   .   b - +0 hat
rElec    .         Reflect  .   (no cloak)
rCorr    .         Harm     .   (no gloves)
MR       .....                  (no boots)
Stlth    +++.......             (no amulet)
HPRegen  0.12/turn              (no ring)
MPRegen  0.14/turn              (no ring)

@: lethally poisoned (0 -> -4)
A: distributed training, fangs 1, strong nose
a: Curse Item, Scrying, Renounce Religion


You were on level 3 of the Dungeon.
You worshipped Ashenzari.
Ashenzari was aware of your devotion.
You were very hungry.

You visited 1 branch of the dungeon, and saw 4 of its levels.

You collected 181 gold pieces.

Inventory:

Hand Weapons
 a - a +2 dagger of pain (weapon)
 g - a +1 dagger of venom
Armour
 b - a +0 hat (worn)
 o - a cursed +0 robe (worn)
Wands
 j - a wand of iceblast (7)
Scrolls
 e - 5 scrolls of noise {unknown}
 f - a scroll of enchant weapon {unknown}
 h - 3 scrolls of teleportation {unknown}
 i - a scroll of immolation {unknown}
 l - 3 scrolls of identify {unknown}
 p - a scroll of enchant armour {unknown}
Potions
 k - a potion of brilliance {unknown}
 m - a potion of curing {unknown}
 n - a potion of invisibility {unknown}
 q - 2 potions of heal wounds {unknown}
Books
 c - a book of Minor Magic

   Spells                             Type                      Level
   a - Magic Dart                     Conjuration                  1
   b - Blink                          Translocation                2
   c - Call Imp                       Summoning                    2
   d - Slow                           Hexes                        2
   e - Conjure Flame                  Conjuration/Fire             3
   f - Mephitic Cloud                 Conjuration/Poison/Air       3
Comestibles
 d - 13 rations


   Skills:
 + Level 1.6 Fighting
 + Level 1.6 Short Blades
 + Level 1.6 Long Blades
 + Level 1.6 Axes
 + Level 1.6 Maces & Flails
 + Level 1.6 Polearms
 + Level 1.6 Staves
 + Level 1.6 Slings
 + Level 1.6 Bows
 + Level 1.6 Crossbows
 + Level 1.6 Throwing
 + Level 1.6 Armour
 + Level 4.8 Dodging
 + Level 4.4 Stealth
 + Level 1.6 Shields
 + Level 1.6 Unarmed Combat
 + Level 7.3 Spellcasting
 + Level 2.4 Conjurations
 + Level 1.2 Hexes
 + Level 1.2 Charms
 + Level 2.4 Summonings
 + Level 1.2 Necromancy
 + Level 2.4 Translocations
 + Level 1.2 Transmutations
 + Level 1.2 Fire Magic
 + Level 1.2 Ice Magic
 + Level 1.2 Air Magic
 + Level 1.2 Earth Magic
 + Level 1.2 Poison Magic
 + Level 1.8 Invocations
 + Level 1.6 Evocations


You had 13 spell levels left.
You knew the following spells:

 Your Spells              Type           Power        Failure   Level  Hunger
a - Magic Dart            Conj           ###.         3%          1    None
b - Call Imp              Summ           ###.....     4%          2    None
c - Blink                 Tloc           N/A          4%          2    None


Dungeon Overview and Level Annotations

Branches:
Dungeon (4/15)
 Temple: D:4-7

Altars:
Ashenzari
Sif Muna
Uskayaw
Yredelemnul


Innate Abilities, Weirdness & Mutations

Your experience applies equally to all skills.
You have very sharp teeth.
Your uncanny sense of smell can sniff out nearby items.


Message History

Aim: an orc wizard, wielding a dagger of venom and wearing a robe (moderately wounded, fast)
The magic dart hits the orc wizard.
The orc wizard is heavily wounded.
The orc wizard hits you with a dagger.
The orc wizard points at you and mumbles some strange words.
The puff of flame hits you!
* * * LOW HITPOINT WARNING * * *
The orc wizard barely misses you.
Casting: Magic Dart
Confirm with . or Enter, or press ? or * to list all spells.
Aiming: Magic Dart
Press: ? - help, Shift-Dir - straight line, f/p - orc wizard
Aim: an orc wizard, wielding a dagger of venom and wearing a robe (heavily wounded, fast)
The magic dart hits the orc wizard.
The orc wizard is severely wounded.
You feel sick.
The orc wizard hits you with a dagger of venom.
* * * LOW HITPOINT WARNING * * *
The orc wizard hits you with a dagger.
You die...

###### ###....#
#......# ##..#...#
#..#_#..#
########...#...###
...............o@#
########.#######o#
########.# #.#
.........# #.#
########.# #.#
...# #.# #.# ##.#
#.# #.# ##.# #.#
#.# ##.## #.# #.#


You could see 2 orc wizards.

Vanquished Creatures
  3 orc wizards (D:3)
  An orc priest (D:3)
  3 adders
  A worm (D:3)
  A leopard gecko (D:1)
  6 orcs (D:3)
  3 giant cockroaches
  6 goblins
  4 hobgoblins
  4 jackals
  A quokka (D:3)
  A ball python (D:1)
  9 bats
  3 frilled lizards
  3 kobolds
  4 rats
  A spectral orc (D:3)
54 creatures vanquished.

Vanquished Creatures (collateral kills)
  An orc (D:4)
  2 jackals (D:1)
3 creatures vanquished.

Grand Total: 57 creatures vanquished

Notes
Turn   | Place    | Note
-------+----------+-------------------------------------------
     0 | D:1      | prawnwizard the Gnoll Wizard began the quest for the Orb.
     0 | D:1      | Reached XP level 1. HP: 13/13 MP: 8/8
    83 | D:1      | Reached XP level 2. HP: 6/19 MP: 1/10
   299 | D:1      | Learned a level 2 spell: Call Imp
   302 | D:1      | Learned a level 2 spell: Blink
  1116 | D:2      | Reached XP level 3. HP: 25/25 MP: 5/11
  1145 | D:2      | Found a shattered altar of Ashenzari.
  1166 | D:2      | Became a worshipper of Ashenzari the Shackled
  1298 | D:2      | Reached skill level 1 in Invocations
  1410 | D:2      | Found a deep blue altar of Sif Muna.
  1469 | D:2      | Found a hide-covered altar of Uskayaw.
  1901 | D:2      | Reached skill level 1 in Fighting
  1901 | D:2      | Reached skill level 1 in Short Blades
  1901 | D:2      | Reached skill level 1 in Long Blades
  1901 | D:2      | Reached skill level 1 in Axes
  1901 | D:2      | Reached skill level 1 in Maces & Flails
  1901 | D:2      | Reached skill level 1 in Polearms
  1901 | D:2      | Reached skill level 1 in Staves
  1901 | D:2      | Reached skill level 1 in Slings
  1901 | D:2      | Reached skill level 1 in Bows
  1901 | D:2      | Reached skill level 1 in Crossbows
  1901 | D:2      | Reached skill level 1 in Throwing
  1901 | D:2      | Reached skill level 1 in Armour
  1901 | D:2      | Reached skill level 1 in Shields
  1901 | D:2      | Reached skill level 1 in Unarmed Combat
  1901 | D:2      | Reached skill level 1 in Evocations
  2218 | D:3      | Reached XP level 4. HP: 21/32 MP: 5/13
  2228 | D:3      | Reached skill level 1 in Hexes
  2228 | D:3      | Reached skill level 1 in Charms
  2228 | D:3      | Reached skill level 1 in Necromancy
  2228 | D:3      | Reached skill level 1 in Transmutations
  2228 | D:3      | Reached skill level 1 in Fire Magic
  2228 | D:3      | Reached skill level 1 in Ice Magic
  2228 | D:3      | Reached skill level 1 in Air Magic
  2228 | D:3      | Reached skill level 1 in Earth Magic
  2228 | D:3      | Reached skill level 1 in Poison Magic
  2228 | D:3      | Reached XP level 5. HP: 21/37 MP: 0/14
  2909 | D:3      | Reached * piety under Ashenzari
  3128 | D:3      | Found a faded altar of an unknown god.
  3286 | D:3      | Found a basalt altar of Yredelemnul.
  3350 | D:4      | Noticed an ogre
  3422 | D:3      | Slain by an orc wizard

Skill      XL: |  1  2  3  4 |
---------------+-------------+-----
Conjurations   | 2 |  2.4
Summonings     | 2 |  2.4
Translocations | 2 |  2.4
Invocations    | 1 |  1.8
Fighting       | 1 |  1.6
Short Blades   | 1 |  1.6
Long Blades    | 1 |  1.6
Axes           | 1 |  1.6
Maces & Flails | 1 |  1.6
Polearms       | 1 |  1.6
Staves         | 1 |  1.6
Slings         | 1 |  1.6
Bows           | 1 |  1.6
Crossbows      | 1 |  1.6
Throwing       | 1 |  1.6
Armour         | 1 |  1.6
Shields        | 1 |  1.6
Unarmed Combat | 1 |  1.6
Evocations     | 1 |  1.6
Hexes          | 1 |  1.2
Charms         | 1 |  1.2
Necromancy     | 1 |  1.2
Transmutations | 1 |  1.2
Fire Magic     | 1 |  1.2
Ice Magic      | 1 |  1.2
Air Magic      | 1 |  1.2
Earth Magic    | 1 |  1.2
Poison Magic   | 1 |  1.2
Dodging        | |  4.8
Stealth        | |  4.4
Spellcasting   | |  7.3

Action                   |  1- 3 |  4- 6 || total
-------------------------+-------+-------++-------
Melee: Dagger            |    16 |    53 ||    69
       Bite              |       |     8 ||     8
 Cast: Magic Dart        |    70 |    26 ||    96
       Call Imp          |     3 |     3 ||     6
 Stab: Sleeping          |       |     2 ||     2
  Eat: Chunk             |     2 |     1 ||     3
       Ration            |     1 |       ||     1
Armor: Robe              |     5 |     7 ||    12
Dodge: Dodged            |    27 |    34 ||    61
